cohdb
Replays
Latest Replays
All Replays
Popular Replays
Top Player Replays
Match Explorer
How It Works
Community
CoH3 Stats
Reddit
Sign in to upload your games and track your stats! →
Sign in with Steam
Match 45958033
Unlisted
Match 45958033
Overview
Messages
Build Orders
End
Construct Barracks
Selects Airborne Battlegroup
Selects Heavy Machine Gun Paradrop
Heavy Machine Gun Paradrop
Riflemen Squad
Heavy Machine Gun Paradrop
Air Support Center
Selects Paratrooper Squad Paradrop
Paratrooper Squad Paradrop
Construct Motor Pool
M8 Greyhound Armored Car
Engineer Squad
P-47 Strafing Run
Paratrooper Squad Paradrop
Grasshopper Recon Run
Selects Anti-tank Gun Team Paradrop
P-47 Strafing Run
Paratrooper Squad Paradrop
Construct Medical Station
wila
LittleFatty233
jimmy82lao
Phoenix
(◣✠◢) John1986 ✠
Marian Gold
0
0
Comments
sign in to comment!
No comments posted yet!